 Dungeon Crawl Stone Soup version 0.27.1-3-gb3d3a73c9e (webtiles) character file.

Game seed: 10568035278726309783

11 MisterFreud the Skirmisher (level 2, -4/28 HPs)
             Began as a Minotaur Abyssal Knight on Oct 30, 2021.
             Was a Follower of Lugonu.
             Killed from afar by Sigmund (11 damage)
             ... with a puff of flame
             ... on level 2 of the Dungeon.
             The game lasted 00:00:47 (887 turns).

MisterFreud the Skirmisher (Minotaur Abyssal Knight) Turns: 887, Time: 00:00:48

Health: -4/28      AC:  3    Str: 22    XL:     2   Next: 13%
Magic:  2/2        EV:  8    Int:  9    God:    Lugonu [*.....]
Gold:   68         SH:  7    Dex:  9    Spells: 1/1 levels left

rFire    . . .     SeeInvis .   a - +1 falchion
rCold    . . .     Faith    .   f - +0 kite shield
rNeg     . . .     Spirit   .   b - +0 leather armour
rPois    .         Reflect  .   (helmet restricted)
rElec    .         Harm     .   (no cloak)
rCorr    .         Rampage  .   (no gloves)
Will     .....                  (no boots)
Stlth    +.........             (no amulet)
HPRegen  0.09/turn              d - +6 ring of strength
MPRegen  0.08/turn              (no ring)

@: no status effects
A: horns 2, retaliatory headbutt
a: Renounce Religion, Depart the Abyss


You were on level 2 of the Dungeon.
You worshipped Lugonu.
Lugonu was aware of your devotion.
You visited 1 branch of the dungeon, and saw 2 of its levels.
You visited the Abyss 1 time.

You collected 68 gold pieces.

Inventory:

Hand Weapons
 a - a +1 falchion (weapon)
Armour
 b - a +0 leather armour (worn)
 f - a +0 kite shield (worn)
Jewellery
 d - a +6 ring of strength (left hand)
Potions
 c - a potion of mutation {unknown}
 e - a potion of haste {unknown}
 g - a potion of cancellation {unknown}


   Skills:
 * Level 4.4 Fighting
 - Level 2.4 Long Blades
 - Level 2.4 Armour
 - Level 1.1 Dodging
 + Level 0.2 Shields
 - Level 1.7 Invocations


You had one spell level left.
You didn't know any spells.
Your spell library was empty.

Dungeon Overview and Level Annotations

Branches:
Dungeon (2/15)

Altars:

Annotations:
D:2 Sigmund


Innate Abilities, Weirdness & Mutations

You have a pair of horns on your head.
You reflexively headbutt those who attack you in melee.


Message History

Done exploring.
There is a stone staircase leading down here.
You climb downwards.
The kobold shouts!
Found a stone staircase leading up.
There is a stone staircase leading up here.
A kobold is nearby!
You barely miss the kobold. You headbutt the kobold.
You kill the kobold!
Lugonu accepts your kill.
No target in view!
Things that are here:
a +0 short sword; 2 stones
Found 10 gold pieces.
Found a thin jewelled staff.
You now have 68 gold pieces (gained 10).
Sigmund the Dreaded comes into view.
He is wielding a +0 scythe.
Sigmund shouts!
Sigmund mumbles some strange words.
Sigmund flickers and vanishes!
Deactivating autopickup; reactivate with Ctrl-A.
No target in view!
A rat comes into view.
Found 14 sling bullets.
Found a green potion.
You block the rat's attack.
You hit the rat.
You kill the rat!
Lugonu accepts your kill. Something hits you!
Ouch! That really hurt!
You slash something! Something hits you.
You miss something. Something hits you.
* * * LOW HITPOINT WARNING * * *
You miss something. Something hits you.
* * * LOW HITPOINT WARNING * * *
You slash something!
You hear some strange, mumbled words.
A puff of flame appears from out of thin air!
The puff of flame hits you!
You die...

#...# #.##.#.# #...#
#....... #...# #....)..
#####...#####....<..
####..............#.#..
.......................
#..............###..
###{#...#.###..# #..
#@#...#.# #..# #.#
#.#...#.# #.... .#
#.#...#.# #.##.###
!......†......# ... .#
.#.....|......# .. .
#.###...#.##.# ..
......# ........
....... (


There were no monsters in sight!

Vanquished Creatures
  A ball python (D:1)
  2 bats (D:1)
  An endoplasm (D:1)
  A goblin (D:1)
  A hobgoblin (D:1)
  A kobold (D:2)
  3 rats
10 creatures vanquished.

Notes
Turn   | Place    | Note
-------+----------+-------------------------------------------
     0 | Abyss:1  | MisterFreud the Minotaur Abyssal Knight began the quest for
                  | the Orb.
     0 | Abyss:1  | Reached XP level 1. HP: 19/19 MP: 1/1
    85 | Abyss:1  | Noticed a small abomination
    86 | D:1      | Escaped the Abyss
   249 | D:1      | Reached skill level 4 in Fighting
   571 | D:1      | Reached * piety under Lugonu
   572 | D:1      | Reached XP level 2. HP: 28/28 MP: 2/2
   703 | D:1      | Found a faded altar of an unknown god.
   876 | D:2      | Noticed Sigmund
   887 | D:2      | Killed from afar by Sigmund

Illustrated notes

Levels and vault maps discovered:
D:1:      nagdon_arrival_double_spiral, layout_loops_cross,
          shapermc_ecumenical_altar_mp_vishouse, nrook_mini_backslash
D:2:      layout_loops_cross, minmay_misc_feat_nine_boxes,
          corexii_item_surrounded_by_moat, amethyst_killhole, uniq_sigmund

Skill      XL: |  1 |
---------------+----+-----
Fighting       | 4 |  4.4
Long Blades    | |  2.4
Armour         | |  2.4
Dodging        | |  1.1
Shields        | |  0.2
Invocations    | |  1.7

Action                   || total
-------------------------++-------
Melee: Falchion          ||    19
       Headbutt          ||     1
Invok: Depart the Abyss  ||     1
Armor: Leather armour    ||     5
Dodge: Dodged            ||    10
Block: Kite shield       ||     2
       Rpst.: Falchion   ||     2
